 Dungeon Crawl Stone Soup version 0.28-a0-1167-g616b1c6417 (webtiles) character file.

Game seed: 5334758139957061797

2724 Essalna the Firebug (level 9, -1/65 HPs)
             Began as a Demonspawn Fire Elementalist on Dec 16, 2021.
             Was a Believer of Vehumet.
             Slain by a gnoll (6 damage)
             ... on level 7 of the Dungeon.
             The game lasted 00:16:41 (8614 turns).

Essalna the Firebug (Demonspawn Fire Elementalist)  Turns: 8614, Time: 00:16:41

Health: -1/65      AC:  3    Str:  8    XL:     9   Next: 40%
Magic:  3/17       EV: 16    Int: 22    God:    Vehumet [**....]
Gold:   269        SH:  0    Dex: 13    Spells: 12/19 levels left

rFire   . . .      SeeInvis +   n - +2 dagger (venom)
rCold   . . .      Faith    .   (no shield)
rNeg    . . .      Spirit   .   a - +0 robe
rPois   .          Reflect  .   (no helmet)
rElec   .          Harm     .   (no cloak)
rCorr   .          Rampage  .   (no gloves)
Will    .....                   d - +0 pair of boots
Stlth   ++........              (no amulet)
HPRegen 0.20/turn               o - ring of see invisible
MPRegen 0.15/turn               (no ring)

@: flying, mesmerised
A: repulsion field 2, icemail 1, condensation shield, demonic magic 1, weakness
stinger 1
a: Renounce Religion


You were on level 7 of the Dungeon.
You worshipped Vehumet.
Vehumet was pleased with you.
You visited 2 branches of the dungeon, and saw 8 of its levels.
You also visited: Ossuary.

You collected 269 gold pieces.

Inventory:

Hand Weapons
 c - a +0 dagger of protection
 e - a +0 whip of venom
 n - a +2 dagger of venom (weapon)
Missiles
 b - 5 silver javelins
Armour
 a - a +0 robe (worn)
 d - a +0 pair of boots (worn)
 p - a +0 leather armour of willpower
Jewellery
 o - a ring of see invisible (left hand)
Scrolls
 g - 9 scrolls of identify
 h - 2 scrolls of brand weapon
 i - a scroll of fog {unknown}
 r - 2 scrolls of teleportation
 u - a scroll of holy word {unknown}
Potions
 f - 2 potions of lignification
 j - a potion of flight
 k - a potion of ambrosia {unknown}
 l - 3 potions of attraction {unknown}
 m - a potion of brilliance {unknown}
 q - 4 potions of curing {unknown}
 s - a potion of invisibility {unknown}
 t - a potion of mutation {unknown}
 v - a potion of magic {unknown}


   Skills:
 + Level 4.1 Fighting
 + Level 3.7 Armour
 + Level 4.2 Dodging
 - Level 1.7 Stealth
 + Level 5.8 Spellcasting
 + Level 6.0 Conjurations
 + Level 6.1 Fire Magic


You had 12 spell levels left.
You knew the following spells:

 Your Spells              Type           Power      Damage    Failure   Level
a - Foxfire               Conj/Fire      100%       2x1d9     1%          1
b - Scorch                Fire           66%        2d8       1%          2
c - Flame Wave            Conj/Fire      33%        2d7       8%          4

Your spell library contained the following spells:

 Spells                   Type           Power      Damage    Failure   Level
 Poisonous Vapours        Pois/Air       12%        N/A       14%         2
 Conjure Flame            Conj/Fire      33%        6-21      2%          3
 Inner Flame              Hex/Fire       20%        N/A       8%          3
 Summon Small Mammal      Summ           24%        N/A       10%         1
 Call Canine Familiar     Summ           6%         N/A       28%         3
 Summon Guardian Golem    Hex/Summ       6%         N/A       28%         3


Dungeon Overview and Level Annotations

Branches:
Dungeon (7/15)             Temple (1/1) D:5         Ossuary (visited)

Altars:
Ashenzari
Cheibriados
Dithmenos
Elyvilon
Fedhas
Gozag
Hepliaklqana
Kikubaaqudgha
Makhleb
Okawaru
Qazlal
Ru
Sif Muna
Trog
Uskayaw
Vehumet
Xom
Yredelemnul
Zin

Shops:
D:1 *

Annotations:
D:7 Maggie


Innate Abilities, Weirdness & Mutations

You are surrounded by a moderate repulsion field. (EV +3)
A meltable icy envelope protects you from harm. (AC +0)
A meltable shield of frost defends you. (SH +0)
Spells you cast may paralyse adjacent enemies.
You have a small tail.


Message History

You barely miss Maggie.
Maggie is severely wounded.
Maggie hits you with a +2 long sword of flaming!
Your icy defenses dissipate!
Maggie burns you.
The gnoll shaman hits you with a +0 whip!
The gnoll completely misses you. x2
You cannot move away from Maggie!
Unknown command.
Unknown command.
Unknown command.
You barely miss Maggie.
Maggie is severely wounded.
The gnoll misses you.
Maggie points at you and mumbles some strange words.
The bolt of fire misses you.
The tree burns like a torch!
The gnoll shaman completely misses you. The gnoll hits you with a +0 club.
The gnoll hits you from afar with a +0 spear.
You hit Maggie.
Maggie looks as sick as possible!
Maggie is severely wounded.
Maggie completely misses you. The gnoll shaman misses you.
The gnoll hits you from afar with a +0 spear.
The gnoll barely misses you.
You completely miss Maggie.
Maggie is severely wounded.
The gnoll completely misses you. Maggie casts a spell at you.
The bolt of fire hits you!!
* * * LOW HITPOINT WARNING * * *
The gnoll shaman hits you with a +0 whip.
* * * LOW HITPOINT WARNING * * *
The gnoll hits you with a +0 club.
* * * LOW HITPOINT WARNING * * *
The gnoll closely misses you.
It was a potion of flight.
You feel very buoyant.
You fly up into the air.
Maggie misses you. The gnoll shaman closely misses you.
The gnoll barely misses you.
The gnoll hits you from afar with a +0 halberd.
You die...

#...+...+...
#...#...#....
####..##'###+### .
##.##..##.## ..
##...#......#
#')####.(.........#
....).......♣♣♣♣♣♣♣
.....gggg.§♣§.....
...$.g@@g.§§§≈≈§≈≈
.#######..#♣≈..≈≈≈
#..# ≈.≈..§
....♣≈.≈§_§
.....♣§.≈..§
.####.♣ .♣ .♣


You could see Maggie (mesmerising, extremely poisoned), a gnoll shaman and 5
gnolls.

Vanquished Creatures
  Sigmund (D:3)
  Menkaure (D:7)
  Duvessa (D:7)
  A water moccasin (D:5)
  A black bear (D:5)
  An orc warrior (D:6)
  A hornet zombie (D:5)
  2 necrophages
  2 ogres
  2 phantoms
  A centaur (D:6)
  An elf zombie (Ossuary)
  4 scorpions
  Dowan (D:7)
  2 water moccasin skeletons
  5 killer bees (D:7)
  4 centaur zombies
  2 hounds (D:6)
  2 human zombies (Ossuary)
  A jelly (D:6)
  2 orc priests (D:6)
  A scorpion zombie (D:3)
  3 orc wizards
  2 mummies (Ossuary)
  A howler monkey zombie (D:6)
  4 gnolls
  7 adders
  A white imp (D:7)
  2 adder zombies (Ossuary)
  A worm (D:4)
  4 dart slugs
  15 orcs
  7 endoplasms
  2 giant cockroaches
  7 goblins
  8 hobgoblins
  4 quokkas
  10 ball pythons
  5 bats
  A frilled lizard (D:1)
  2 goblin zombies (Ossuary)
  10 hobgoblin zombies (Ossuary)
  A jackal zombie (Ossuary)
  9 kobolds
  11 kobold zombies (Ossuary)
  6 orc zombies (Ossuary)
  6 rats
  A rat zombie (Ossuary)
169 creatures vanquished.

Vanquished Creatures (collateral kills)
  2 foxfires (D:3)
2 creatures vanquished.

Vanquished Creatures (others)
  846 foxfires
846 creatures vanquished.

Grand Total: 1017 creatures vanquished

Notes
Turn   | Place    | Note
-------+----------+-------------------------------------------
     0 | D:1      | Essalna the Demonspawn Fire Elementalist began the quest
                  | for the Orb.
     0 | D:1      | Reached XP level 1. HP: 13/13 MP: 3/3
   424 | D:1      | Gained mutation: Spells you cast may paralyse adjacent
                  | enemies. [demonic ancestry]
   424 | D:1      | Reached XP level 2. HP: 19/19 MP: 0/5
   856 | D:1      | Found Guptaucuga's Assorted Antiques.
  1002 | D:1      | Found a faded altar of an unknown god.
  1027 | D:1      | Gained mutation: A meltable shield of frost defends you.
                  | (SH +0) [demonic ancestry]
  1027 | D:1      | Reached XP level 3. HP: 24/24 MP: 2/6
  1812 | D:2      | Gained mutation: A meltable icy envelope protects you from
                  | harm. (AC +0) [demonic ancestry]
  1812 | D:2      | Reached XP level 4. HP: 29/30 MP: 2/8
  2993 | D:3      | Gained mutation: You are surrounded by a mild repulsion
                  | field. (EV +2) [demonic ancestry]
  2993 | D:3      | Reached XP level 5. HP: 35/35 MP: 4/9
  3036 | D:3      | Noticed Sigmund
  3043 | D:3      | Killed Sigmund
  3044 | D:3      | Gained mutation: You have a small tail. [demonic ancestry]
  3044 | D:3      | Reached XP level 6. HP: 32/41 MP: 2/11
  4309 | D:4      | Gained mutation: You are surrounded by a moderate repulsion
                  | field. (EV +3) [demonic ancestry]
  4309 | D:4      | Reached XP level 7. HP: 47/47 MP: 5/13
  4382 | D:5      | Entered Level 5 of the Dungeon
  4519 | D:5      | Reached skill level 1 in Fighting
  4584 | D:5      | Reached skill level 1 in Armour
  4780 | D:5      | Found a staircase to the Ecumenical Temple.
  4790 | Temple   | Entered the Ecumenical Temple
  4888 | Temple   | Became a worshipper of Vehumet
  5120 | D:5      | Learned a level 2 spell: Scorch
  5144 | D:5      | Reached skill level 5 in Fire Magic
  5150 | D:5      | Learned a level 4 spell: Flame Wave
  5180 | D:5      | Reached XP level 8. HP: 21/56 MP: 2/15
  6163 | D:6      | Reached skill level 5 in Conjurations
  6199 | D:6      | Reached skill level 5 in Spellcasting
  6297 | D:6      | Found a sand-covered staircase.
  6302 | Ossuary  | Entered an ossuary
  6830 | Ossuary  | Reached * piety under Vehumet
  6830 | Ossuary  | Offered knowledge of Sandblast by Vehumet.
  7487 | D:6      | Reached XP level 9. HP: 46/64 MP: 2/17
  7905 | D:7      | Offered knowledge of Poisonous Vapours by Vehumet.
  7907 | D:7      | Reached ** piety under Vehumet
  8000 | D:7      | Found a stormy altar of Qazlal.
  8230 | D:7      | Noticed Menkaure
  8234 | D:7      | Killed Menkaure
  8533 | D:7      | Noticed Duvessa
  8536 | D:7      | Noticed Dowan
  8543 | D:7      | Killed Duvessa
  8555 | D:7      | Killed Dowan
  8598 | D:7      | Noticed Maggie
  8614 | D:7      | Slain by a gnoll

Illustrated notes

Levels and vault maps discovered:
D:1:      dpeg_arrival_renting, layout_rooms,
          shapermc_ecumenical_altar_flowoftime, serial_shops, shop
D:2:      layout_loops_ring
D:3:      layout_basic, serial_bayou_pond_b, minmay_misc_feat_secret_circle,
          uniq_sigmund
D:4:      layout_gridville, hangedman_abyss_or_decor_stabs
D:5:      layout_basic, minmay_temple_entry_water_ring, serial_glass,
          glass_columns_a, glass_columns_a, glass_columns_a, glass_columns_a,
          glass_columns_b, glass_columns_c, item_on_display_a,
          minmay_strange_pillars, minmay_strange_pillars, item_on_display_b,
          minmay_holes, st_stairs_6, solitary_fountain
D:6:      layout_basic, enter_ossuary_5
D:7:      layout_gridville, mainiacjoe_overflow_paths,
          nicolae_qazlal_general_emergency, gammafunk_ghost_necromancy,
          kennysheep_minor_cross, kennysheep_cross_room, uniq_duvessa,
          uniq_menkaure, uniq_maggie
Temple:   regret_index_temple_mists

Skill      XL: |  1  2  3  4  5  6  7  8  9 |
---------------+----------------------------+-----
Fire Magic     | 3 4 5 6 |  6.1
Conjurations   | 2 3 4 5 6 |  6.0
Spellcasting   | 3 4 5 |  5.8
Fighting       | 2 3 4 |  4.1
Dodging        | 2 3 4 |  4.2
Armour         | 1 3 |  3.7
Stealth        | |  1.7

Action                   |  1- 3 |  4- 6 |  7- 9 || total
-------------------------+-------+-------+-------++-------
Melee: Dagger            |     7 |     1 |    87 ||    95
       Unarmed           |     1 |       |       ||     1
       Whip              |    18 |    17 |       ||    35
       Tailslap          |       |       |    11 ||    11
 Cast: Foxfire           |    69 |   136 |   292 ||   497
       Scorch            |       |       |    20 ||    20
       Flame Wave        |       |       |     2 ||     2
  Use: Scroll            |     3 |       |     5 ||     8
       Potion            |       |       |     1 ||     1
 Stab: Paralysed         |     5 |     3 |    25 ||    33
       Sleeping          |       |     2 |       ||     2
Armor: Robe              |     8 |     4 |    33 ||    45
Dodge: Dodged            |    15 |    11 |    99 ||   125
Block: Other             |     1 |     5 |    23 ||    29

Table legend: (Time is in decaauts)
 A = Elapsed time spent in this place.
 B = Non-inter-level travel time spent in this place.
 C = Inter-level travel time spent in this place.
 D = Time resting spent in this place.
 E = Time spent auto-exploring this place.
 F = Levels seen in this place.
 G = Mean time per level.
                   A        B        C        D        E       F      G
               +--------+--------+--------+--------+--------+-----+--------+
         Total |   8658 |   8455 |    203 |    183 |   6957 |   9 |  962.0 |
       Dungeon |   7231 |   7054 |    177 |      0 |   6035 |   7 | 1033.0 |
        Temple |    334 |    309 |     25 |    183 |    102 |   1 |  334.0 |
       Ossuary |   1093 |   1093 |      0 |      0 |    819 |   1 | 1093.0 |
               +--------+--------+--------+--------+--------+-----+--------+

Top non-repeatable levels by time:
     D:5: 1432 daAuts
     D:1: 1371 daAuts
     D:3: 1132 daAuts
     D:2: 1102 daAuts
 Ossuary: 1093 daAuts
     D:4: 779 daAuts
     D:7: 714 daAuts
     D:6: 698 daAuts
  Temple: 334 daAuts
